 Dungeon Sprint DCSS version 0.31-a0-18-gea43df2a32 (webtiles) character file.

Game seed: 2203319935693267511

3343 sircluck the Brawler (level 9, -5/100 HPs)
             Began as a Troll Berserker on May 10, 2023.
             Was a High Priest of Trog.
             Slain by an elephant (15 damage)
             ... in the Dungeon (Sprint II: "The Violet Keep of Menkaure").
             The game lasted 00:03:31 (415 turns).

sircluck the Brawler (Troll Berserker)               Turns: 415, Time: 00:03:32

Health: -5/100     AC:  4    Str: 31    XL:     9   Next: 72%
Magic:  8/8        EV: 12    Int:  3    God:    Trog [*****.]
Gold:   705        SH:  0    Dex:  9    Spells: 8/8 levels left

rFire   . .          .
                       - Unarmed
rCold   . . .        (no shield)
rNeg    . . .        a - +0 animal skin
rPois   .            (helmet restricted)
rElec   .            (no cloak)
rCorr   .            (gloves unavailable)
SInv    .            (boots unavailable)
Will    ++...        (no amulet)
Stlth   +            j - ring of flight
HPRegen 2.16/turn    (no ring)
MPRegen 0.11/turn

%: no teleportation
@: strong-willed, on berserk cooldown, flying, regenerating, slowed, very slow
A: large, unfitting armour, claws 3, regeneration 1, shaggy fur 1, tough skin 1
a: Renounce Religion, Berserk, Trog's Hand, Brothers in Arms


You were in the Dungeon.
You worshipped Trog.
Trog was extremely pleased with you.
You visited 1 branch You collected 972 gold pieces.
You spent 267 gold pieces at shops.

Inventory:

Armour
 a - a +0 animal skin (worn)
Jewellery
 j - a ring of flight (left claw)
Scrolls
 h - a scroll of vulnerability {unknown}
 i - a scroll of magic mapping
Potions
 b - a potion of curing
 d - a potion of haste
 e - 2 potions of magic
 f - a potion of berserk rage


   Skills:
 + Level 9.6 Fighting
 + Level 11.1 Dodging
 + Level 0.8 Stealth
 + Level 15.4 Unarmed Combat


You had 8 spell levels left.
You didn't know any spells.
Your spell library was empty.

Dungeon Overview and Level Annotations

Branches:
Dungeon (1/1)

Altars:

Shops:
D :[?(=(=*:!(([[!

Annotations:
D exclusions: obsidian statue and oklob plant


Innate Abilities, Weirdness & Mutations

You are too large for most types of armour.
You have claws for hands.
Your natural rate of healing is unusually fast.
You are covered in fur. (AC +1)
You have tough skin. (AC +1)


Message History

The centaur warrior hits you!
* * * LOW HITPOINT WARNING * * *
The centaur warrior kicks you but does no damage.
The centaur warrior hits you but does no damage.
The centaur warrior kicks you but does no damage.
Your Dodging skill increases to level 11!
The centaur warrior wields a +3 shortbow.
The centaur warrior shoots an arrow.
The arrow hits you!!
* * * LOW HITPOINT WARNING * * *
You see here a +0 flail.
Blink to where?
Press: ? - help, Q - select action, (/) - cycle Dir - move target
As you read the scroll of blinking, it crumbles to dust.
There is an open door here.
You reach down and close the door.
A centaur warrior opens the door.
The centaur warrior shoots an arrow.
The arrow hits you!
* * * LOW HITPOINT WARNING * * *
There is an open door here.
You see here a necrophage skeleton.
You reach down and close the door, pushing everything out of the way.
A centaur warrior opens the door.
You fail to use your ability.
The elephant completely misses you. x2
The elephant tramples you!
* * * LOW HITPOINT WARNING * * *
You hold your ground!
The elephant barely misses you. The elephant attacks as you move away!
The elephant closely misses you. The elephant trunk-slaps you.
* * * LOW HITPOINT WARNING * * *
There is an open door, spattered with blood here.
You claw the elephant!
The elephant is lightly wounded.
The elephant tramples you.
* * * LOW HITPOINT WARNING * * *
You hold your ground!
The elephant trunk-slaps you.
* * * LOW HITPOINT WARNING * * *
Your skin crawls.
You feel strong-willed.
The elephant misses you. x2; The elephant tramples you!
You die...

....∩.∩.#~~~~.##'##..#
...∩.∩..#~~~~##.#.##.####
..∩.∩...#Y~~~#..#..#....#
.⌠.∩....#~~#####.#####..##
..∩.∩...#~##.###'###.##..#
...∩.∩..#c#..÷##.##.###..#
....∩.∩.'~'.##'.c.'##.'..###
.......∩#~#...##Y##...#....###.
▓▓▓▓▓▓###~##.###@###.##..§...~~
!HH######~~####.#.####~~.....~#
!.H#hh ##~~~#.###.#~~~÷~~§..~#
∩PJ+h.# #'#~##.#.##~§§~~~~~.~#
$..#!##. #.#~~##+##~~§§≈≈~§~~~#
)$.###§~ ####~~~~~~~~§§≈≈§≈~~~#
#+++#+++#§≈§≈§≈≈≈~#


.zzz° ##§≈§###≈≈# .zzz.z○..##§≈# ≈§ You could see an elephant and a centaur
warrior.

Vanquished Creatures
  Kirke (D)
  A yaktaur captain (D)
  A skeletal warrior (D)
  A kobold demonologist (D)
  2 wyverns (D)
  Menkaure (D)
  4 necrophages (D)
  5 scorpions (D)
  3 worms (D)
19 creatures vanquished.

Vanquished Creatures (others)
  A water moccasin (D)
1 creature vanquished.

Grand Total: 20 creatures vanquished

Notes
Turn   | Place    | Note
-------+----------+-------------------------------------------
     0 | D        | sircluck the Troll Berserker began the quest for the Orb.
     0 | D        | Reached XP level 1. HP: 22/22 MP: 0/0
     1 | D        | Noticed a scorpion
     1 | D        | Noticed a scorpion
    10 | D        | Killed a scorpion
    11 | D        | Reached skill level 5 in Unarmed Combat
    11 | D        | Reached XP level 2. HP: 20/32 MP: 1/1
    11 | D        | Reached XP level 3. HP: 24/39 MP: 2/2
    12 | D        | Killed a scorpion
    13 | D        | Reached skill level 5 in Fighting
    13 | D        | Reached skill level 5 in Dodging
    13 | D        | Reached skill level 6 in Unarmed Combat
    13 | D        | Reached XP level 4. HP: 29/50 MP: 3/3
    40 | D        | Noticed a scorpion
    40 | D        | Noticed a scorpion
    43 | D        | Killed a scorpion
    43 | D        | Reached ** piety under Trog
    44 | D        | Reached skill level 7 in Unarmed Combat
    44 | D        | Reached XP level 5. HP: 52/59 MP: 4/4
    48 | D        | Killed a water moccasin
    86 | D        | Noticed an obsidian statue
    88 | D        | Noticed Menkaure
    91 | D        | Killed Menkaure
    92 | D        | Reached skill level 8 in Unarmed Combat
    92 | D        | Reached XP level 6. HP: 68/68 MP: 5/5
   105 | D        | Reached *** piety under Trog
   106 | D        | Reached skill level 9 in Unarmed Combat
   114 | D        | Reached XP level 7. HP: 70/78 MP: 6/6
   120 | D        | Reached skill level 10 in Unarmed Combat
   131 | D        | Noticed a wyvern
   131 | D        | Noticed a wyvern
   142 | D        | Killed a wyvern
   142 | D        | Reached **** piety under Trog
   148 | D        | Killed a wyvern
   149 | D        | Reached skill level 11 in Unarmed Combat
   242 | D        | Found Ahum's Distillery.
   242 | D        | Found Voddudups's Weapon Shop.
   242 | D        | Found Lagomn's Book Boutique.
   242 | D        | Found Rewaxt's General Store.
   242 | D        | Found Wetz's Antique Weapon Shop.
   242 | D        | Found Quc Guas's Jewellery Boutique.
   243 | D        | Found Tuves's Antique Weapon Boutique.
   243 | D        | Found Xeih's Jewellery Shop.
   243 | D        | Found Muetuy's Antique Weapon Boutique.
   243 | D        | Found Dampipp's Antique Armour Shop.
   244 | D        | Found Siefixuh's Magic Scroll Shop.
   244 | D        | Found Enwinweu's Antique Armour Boutique.
   245 | D        | Found Weamaoti's Antique Armour Boutique.
   245 | D        | Found Vamat's Distillery.
   245 | D        | Noticed a manticore
   271 | D        | Noticed a flying skull
   272 | D        | Noticed a flying skull
   272 | D        | Noticed a flying skull
   272 | D        | Noticed a flying skull
   273 | D        | Noticed a flying skull
   273 | D        | Noticed a flying skull
   273 | D        | Noticed a flying skull
   273 | D        | Noticed a flying skull
   273 | D        | Noticed a flying skull
   274 | D        | Noticed a flying skull
   274 | D        | Noticed a flying skull
   274 | D        | Noticed a flying skull
   285 | D        | Reached ***** piety under Trog
   303 | D        | Noticed a manticore
   303 | D        | Noticed a manticore
   303 | D        | Noticed an oklob plant
   304 | D        | Found Burec's Book Shoppe.
   305 | D        | Noticed a slime creature
   306 | D        | Noticed a slime creature
   306 | D        | Noticed a slime creature
   334 | D        | Bought a scroll of magic mapping for 75 gold pieces
   348 | D        | Bought a ring of flight for 192 gold pieces
   364 | D        | Noticed an elephant
   364 | D        | Noticed a centaur warrior
   364 | D        | Noticed Kirke
   364 | D        | Noticed a kobold demonologist
   364 | D        | Noticed a yaktaur captain
   364 | D        | Noticed a skeletal warrior
   367 | D        | Noticed a hellwing
   374 | D        | Killed a skeletal warrior
   375 | D        | Reached skill level 12 in Unarmed Combat
   375 | D        | Reached XP level 8. HP: 88/89 MP: 7/7
   381 | D        | Killed a yaktaur captain
   382 | D        | Reached skill level 10 in Dodging
   382 | D        | Reached skill level 13 in Unarmed Combat
   382 | D        | Reached XP level 9. HP: 85/98 MP: 8/8
   385 | D        | Killed Kirke
   386 | D        | Reached skill level 15 in Unarmed Combat
   388 | D        | Noticed a sun demon
   398 | D        | Killed a kobold demonologist
   413 | D        | HP: 5/100 [elephant (4)]
   415 | D        | Slain by an elephant

Illustrated notes

Levels and vault maps discovered:
D:        the_violet_keep_of_menkaure [sprint2_stairs_cluster_1,
          sprint2_shoproom, sprint2_temple, sprint2_basic_supplies,
          sprint2_obstacle_1, sprint2_obstacle_7, sprint2_obstacle_3,
          sprint2_obstacle_6, sprint2_obstacle_5, sprint2_timed_cluster_1,
          sprint2_smallroom_cluster_1, sprint2_smallroom_final_cluster_1,
          sprint2_transparent_cluster_1, sprint2_second_timed_cluster_1,
          sprint2_sniper_area_1, sprint2_heavy_combat_area_1,
          sprint2_mutation_trap_area_1, sprint2_forest_area_1,
          sprint2_light_combat_area_1, sprint2_behind_water_1,
          sprint2_near_end_vault_1]

Skill      XL: |  1  2  3  4  5  6  7  8  9 |
---------------+----------------------------+-----
Fighting       | 4 5 6 7 8 9 |  9.6
Dodging        | 4 5 7 9 10 11 | 11.1
Unarmed Combat | 5 6 7 8 9 12 13 15 | 15.4
Stealth        | |  0.8

Action                     |  1- 3 |  4- 6 |  7- 9 || total
---------------------------+-------+-------+-------++-------
  Melee: Unarmed           |     8 |    21 |    49 ||    78
         Punch             |       |       |     3 ||     3
 Invoke: Berserk           |       |       |     1 ||     1
         Brothers in Arms  |       |       |     1 ||     1
         Trog's Hand       |       |       |     1 ||     1
    Use: Scroll            |       |       |     1 ||     1
         Potion            |       |       |     1 ||     1
 Armour: Animal skin       |       |     2 |    18 ||    20
  Dodge: Dodged            |     7 |     6 |    41 ||    54

Table legend: (Time is in decaauts)
 A = Elapsed time spent in this place.
 B = Non-inter-level travel time spent in this place.
 C = Inter-level travel time spent in this place.
 D = Time resting spent in this place.
 E = Time spent auto-exploring this place.
 F = Levels seen in this place.
 G = Mean time per level.
                   A        B        C        D        E       F      G
               +--------+--------+--------+--------+--------+-----+--------+
         Total |    405 |    347 |     58 |     66 |     55 |   1 |  405.0 |
       Dungeon |    405 |    347 |     58 |     66 |     55 |   1 |  405.0 |
               +--------+--------+--------+--------+--------+-----+--------+

Top non-repeatable levels by time:
       D: 405 daAuts
